 Dungeon Crawl Stone Soup version 0.29-a0-92-gee772dd00f (webtiles) character file.

Game seed: 11940539103224151394

5368 pokeman the Thaumaturge (level 10, -3/56 HPs)
             Began as a Deep Elf Hedge Wizard on Feb 8, 2022.
             Was a Follower of Vehumet.
             Slain by a wight (8 damage)
             ... on level 9 of the Dungeon on Feb 9, 2022.
             The game lasted 00:30:58 (13313 turns).

pokeman the Thaumaturge (Deep Elf Hedge Wizard)    Turns: 13313, Time: 00:30:59

Health: -3/56      AC:  7    Str: 13    XL:     10   Next: 39%
Magic:  22/29      EV: 13    Int: 24    God:    Vehumet [*.....]
Gold:   559        SH:  0    Dex: 18    Spells: 24/35 levels left

rFire   . . .      SeeInvis .   G - +9 quarterstaff of the Vase {flame, rPois Dex+4}
rCold   . . .      Faith    .   (shield currently unavailable)
rNeg    + . .      Spirit   .   s - +0 steam dragon scales
rPois   +          Reflect  .   a - +0 helmet
rElec   .          Harm     .   h - +0 cloak
rCorr   .          Rampage  .   (no gloves)
Will    +....                   (no boots)
Stlth   ++........              (no amulet)
HPRegen 0.18/turn               m - ring of positive energy
MPRegen 0.21/turn               t - +6 ring of strength

@: no status effects
A: no striking features
a: Renounce Religion


You were on level 9 of the Dungeon.
You worshipped Vehumet.
Vehumet was aware of your devotion.
You visited 2 branches of the dungeon, and saw 10 of its levels.
You also visited: Bailey.

You collected 559 gold pieces.

Inventory:

Hand Weapons
 G - the +9 quarterstaff of the Vase (weapon) {flame, rPois Dex+4}
   (You found it in a bailey)

   It burns those it strikes, dealing additional fire damage.
   Dex:       It affects your dexterity (+4).
   rPois:     It protects you from poison.
Missiles
 i - 74 arrows
 q - 39 bolts
Armour
 a - a +0 helmet (worn)
 h - a +0 cloak (worn)
 s - +0 steam dragon scales (worn)
 F - a +1 leather armour of fire resistance
Jewellery
 b - a ring of poison resistance
 j - a ring of fire
 m - a ring of positive energy (left hand)
 t - a +6 ring of strength (right hand)
Wands
 e - a wand of iceblast (14)
 n - a wand of flame (6)
 C - a wand of paralysis (6)
 D - a wand of polymorph (3)
Scrolls
 c - 2 scrolls of enchant weapon {unknown}
 d - a scroll of magic mapping {unknown}
 o - 3 scrolls of identify {unknown}
 u - 2 scrolls of noise {unknown}
 y - 5 scrolls of teleportation {unknown}
 z - a scroll of silence {unknown}
 E - a scroll of amnesia {unknown}
 H - a scroll of fog {unknown}
Potions
 f - 3 potions of curing
 g - 3 potions of heal wounds
 k - 2 potions of cancellation {unknown}
 l - 2 potions of might {unknown}
 p - 4 potions of lignification {unknown}
 r - a potion of invisibility {unknown}
 v - 2 potions of brilliance {unknown}
 w - a potion of resistance {unknown}
 x - a potion of attraction {unknown}
 A - 3 potions of degeneration {unknown}


   Skills:
 + Level 4.0 Fighting
 - Level 3.0 Armour
 - Level 3.0 Dodging
 - Level 3.0 Stealth
 * Level 13.4 Spellcasting
 + Level 7.6 Conjurations
 - Level 1.1 Summonings
 - Level 1.1 Translocations
 + Level 6.6 Fire Magic
 - Level 1.0 Air Magic
 - Level 2.1 Poison Magic
 - Level 2.1 Evocations


You had 24 spell levels left.
You knew the following spells:

 Your Spells              Type           Power      Damage    Failure   Level
a - Magic Dart            Conj           100%       1d8       1%          1
b - Mephitic Cloud        Conj/Pois/Air  33%        N/A       2%          3
c - Call Imp              Summ           21%        N/A       3%          2
d - Blink                 Tloc           42%        N/A       3%          2
e - Conjure Flame         Conj/Fire      50%        6-21      1%          3

Your spell library contained the following spells:

 Spells                   Type           Power      Damage    Failure   Level
 Freeze                   Ice            64%        1d8       3%          1
 Searing Ray              Conj           100%       2d8       1%          2
 Static Discharge         Conj/Air       36%        N/A       1%          2
 Slow                     Hex            64%        N/A       3%          1
 Sublimation of Blood     Necr           16%        N/A       5%          2
 Wereblood                Tmut           16%        N/A       5%          2
 Fulminant Prism          Conj/Hex       17%        3d11      8%          4
 Confusing Touch          Hex            16%        N/A       11%         3
 Vampiric Draining        Necr           16%        2d7       11%         3
 Lightning Bolt           Conj/Air       18%        1d32      17%         5
 Cause Fear               Hex            8%         N/A       36%         4
 Dragon Form              Tmut           8%         N/A       100%        7
 Summon Hydra             Summ           10%        N/A       100%        7
 Maxwell's Capacitive Co  Air            10%        ∞         100%        8
 Dragon's Call            Summ           10%        N/A       100%        9


Dungeon Overview and Level Annotations

Branches:
Dungeon (9/15)             Temple (1/1) D:7            Lair (0/6) D:9
 Bailey (visited)
    Orc: D:9-12

Altars:
Cheibriados
Dithmenos
Elyvilon
Hepliaklqana
Kikubaaqudgha
Okawaru
Ru
Sif Muna
Trog
Vehumet
Xom
Yredelemnul
Zin
The Shining One

Shops:
D:3 *


Message History

The water moccasin is moderately wounded.
The water moccasin is engulfed in blazing flames.
The water moccasin bites you.
You are poisoned.
The water moccasin poisons you!
The water moccasin is engulfed in blazing flames.
The water moccasin barely misses you.
Casting: Conjure Flame (safe; 1% risk of failure)
Confirm with . or Enter, or press ? or * to list all spells.
You blink.
A wight comes into view. It is wielding a +5 war axe.
You feel very sick.
The water moccasin is engulfed in blazing flames.
You kill the water moccasin!
Vehumet accepts your kill.
Unknown command.
You feel very sick. The wight hits you with a +1 hand axe!
You feel sick.
Things that are here:
a +5 long sword; a +0 robe You feel stable enough to blink again.
You feel sick. The wight hits you with a +0 battleaxe.
The wight closely misses you.
Casting: Blink (safe; 3% risk of failure)
Confirm with . or Enter, or press ? or * to list all spells.
You blink.
You feel sick.
You feel sick.
You feel sick. The wight hits you with a +5 war axe!
The wight hits you with a +1 hand axe.
You feel stable enough to blink again.
You feel sick.
You feel sick. The wight closely misses you.
You feel sick.
You are no longer poisoned.
You open the door. The wight hits you with a +5 war axe!
* * * LOW HITPOINT WARNING * * *
The wight closely misses you.
The wight hits you with a +1 mace of freezing!
You die...

#....## ## ###...... #. ........)
#.##.#...... . #........... ..
#.≈≈≈≈≈..... #######+#..
#.≈...≈...#######..##......
#.≈>∩.≈...@zzz......#......
######.≈)..≈...#z........#......
##.>#...≈≈)≈≈...#.........#......
....#...))......#........)'......
....†...........#+#########......
....#.......##### ##..#......###
##+##.......# +...#......#
#...........# #...#......#
#...........# #...'......#


You could see 4 wights.

Vanquished Creatures
  An orc knight (Bailey)
  A deep elf zephyrmancer (Bailey)
  Maurice (D:8)
  Prince Ribbit (D:8)
  A hornet (D:9)
  A wyvern (D:8)
  2 steam dragons
  3 water moccasins
  A sky beast (D:7)
  6 orc warriors (Bailey)
  An ice beast (D:6)
  A necrophage (D:4)
  6 ogres
  A phantom (D:7)
  A wyvern zombie (D:8)
  3 scorpions
  6 wights
  A howler monkey (D:5)
  2 jellies
  3 centaur skeletons
  A gnoll shaman (D:4)
  5 orc priests
  A hound (D:4)
  3 iguanas
  3 orc wizards
  Natasha (thrice) (D:3)
  A killer bee zombie (D:8)
  2 hound skeletons (D:4)
  Robin (D:3)
  23 gnolls
  5 adders
  A shadow imp (D:8)
  An adder skeleton (D:4)
  5 dart slugs
  35 orcs
  3 endoplasms
  2 giant cockroaches
  15 goblins
  11 hobgoblins
  19 jackals
  4 kobolds
  3 quokkas
  7 ball pythons
  6 bats
  9 frilled lizards
  4 rats
216 creatures vanquished.

Vanquished Creatures (collateral kills)
  An orc (D:4)
1 creature vanquished.

Vanquished Creatures (others)
  A gnoll (D:4)
  An orc (D:4)
2 creatures vanquished.

Grand Total: 219 creatures vanquished

Notes
Turn   | Place    | Note
-------+----------+-------------------------------------------
     0 | D:1      | pokeman the Deep Elf Hedge Wizard began the quest for the
                  | Orb.
     0 | D:1      | Reached XP level 1. HP: 10/10 MP: 7/7
   361 | D:1      | You fall into a shaft and drop 1 floor!
   474 | D:1      | Reached XP level 2. HP: 16/16 MP: 7/9
   542 | D:1      | Found a faded altar of an unknown god.
  1272 | D:1      | Reached skill level 5 in Spellcasting
  1541 | D:1      | Reached XP level 3. HP: 20/20 MP: 9/11
  1545 | D:1      | Learned a level 3 spell: Mephitic Cloud
  1548 | D:1      | Learned a level 2 spell: Call Imp
  1551 | D:1      | Learned a level 2 spell: Blink
  1555 | D:1      | Learned a level 3 spell: Conjure Flame
  1731 | D:2      | Found a white marble altar of Elyvilon.
  2178 | D:2      | Reached skill level 1 in Armour
  2522 | D:3      | Reached skill level 1 in Fighting
  2528 | D:3      | Noticed Robin
  2560 | D:3      | Killed Robin
  2561 | D:3      | Reached XP level 4. HP: 25/25 MP: 4/13
  2764 | D:3      | Reached skill level 1 in Fire Magic
  2977 | D:3      | Noticed Natasha
  2991 | D:3      | Killed Natasha
  2992 | D:3      | Reached skill level 6 in Spellcasting
  2992 | D:3      | Reached XP level 5. HP: 19/29 MP: 7/15
  3158 | D:3      | Noticed Natasha
  3179 | D:3      | Killed Natasha
  3449 | D:3      | Noticed Natasha
  3464 | D:3      | Killed Natasha
  3573 | D:3      | Found Siced's Assorted Antiques.
  3890 | D:4      | Reached skill level 1 in Air Magic
  4204 | D:4      | Reached XP level 6. HP: 31/34 MP: 11/17
  4512 | D:4      | Reached skill level 7 in Spellcasting
  4512 | D:4      | Reached skill level 1 in Poison Magic
  4512 | D:4      | Reached skill level 1 in Evocations
  5089 | D:4      | Reached XP level 7. HP: 33/38 MP: 13/20
  5117 | D:4      | Reached skill level 8 in Spellcasting
  5821 | D:4      | Noticed a steam dragon
  6097 | D:4      | Killed a steam dragon
  6926 | D:5      | Entered Level 5 of the Dungeon
  7105 | D:5      | Reached XP level 8. HP: 42/44 MP: 12/22
  7110 | D:4      | Reached skill level 9 in Spellcasting
  7625 | D:5      | Reached skill level 5 in Conjurations
  8193 | D:5      | Reached skill level 10 in Spellcasting
  8838 | D:6      | Found a shadowy altar of Dithmenos.
  9388 | D:7      | Reached XP level 9. HP: 49/49 MP: 12/25
  9507 | D:7      | Found a staircase to the Ecumenical Temple.
  9514 | Temple   | Entered the Ecumenical Temple
  9523 | Temple   | Became a worshipper of Vehumet
  9865 | D:7      | Reached skill level 11 in Spellcasting
 10934 | D:8      | Reached skill level 5 in Fire Magic
 10934 | D:8      | Upgraded the game from 0.29-a0-91-gdebf4667c2 to
                  | 0.29-a0-92-gee772dd00f
 11639 | D:8      | Noticed Maurice
 11670 | D:8      | Killed Maurice
 11671 | D:8      | Reached skill level 12 in Spellcasting
 12136 | D:8      | Noticed Prince Ribbit
 12145 | D:8      | Killed Prince Ribbit
 12145 | D:8      | Reached * piety under Vehumet
 12145 | D:8      | Offered knowledge of Freeze by Vehumet.
 12487 | D:9      | Found a staircase to the Lair.
 12513 | D:9      | Found a flagged portal.
 12528 | Bailey   | Entered a bailey
 12619 | Bailey   | Reached XP level 10. HP: 40/56 MP: 21/28
 12669 | Bailey   | Noticed an orc knight
 12693 | Bailey   | Killed an orc knight
 12876 | Bailey   | Found a large runed translucent door.
 12876 | Bailey   | Found a large runed translucent door.
 12877 | Bailey   | Noticed a deep elf zephyrmancer
 12907 | Bailey   | Reached skill level 13 in Spellcasting
 13029 | Bailey   | Killed a deep elf zephyrmancer
 13069 | Bailey   | Identified the +9 quarterstaff of the Vase {flame, rPois
                  | Dex+4}
 13134 | D:9      | Paralysed by a hornet for 3 turns
 13313 | D:9      | Slain by a wight

Illustrated notes

Levels and vault maps discovered:
D:1:      shiori_arrival_elements, layout_loops_ring,
          dreamdust_ecumenical_altar_angels_and_demons
D:2:      layout_rooms, basic_altar
D:3:      layout_rooms, serial_shops, nicolae_lakefront_shop, corner_web_ring,
          minmay_tree_intersection, uniq_robin, uniq_natasha
D:4:      lemuel_castle_with_subvaults [lemuel_castle_interior_original],
          layout_layer_cave
D:5:      layout_cave_pools
D:6:      layout_gridville, general_overflow_altar
D:7:      layout_basic, minmay_temple_entry_arrows
D:8:      layout_layer_cave, uniq_maurice, uniq_prince_ribbit1
D:9:      layout_gridville, lair_entry_dummy, enter_bailey_5
Temple:   compressed_dpeg_triangle_lava_temple

Skill      XL: |  1  2  3  4  5  6  7  8  9 10 |
---------------+-------------------------------+-----
Spellcasting   | 5 6 7 8 10 12 13 | 13.4
Conjurations   | 2 3 4 5 7 |  7.6
Armour         | 1 2 3 |  3.0
Fighting       | 1 2 3 4 |  4.0
Fire Magic     | 1 2 4 5 6 |  6.6
Dodging        | 3 |  3.0
Stealth        | 3 |  3.0
Air Magic      | 1 |  1.0
Poison Magic   | 1 2 |  2.1
Evocations     | 1 2 |  2.1
Summonings     | |  1.1
Translocations | |  1.1

Action                   |  1- 3 |  4- 6 |  7- 9 | 10-12 || total
-------------------------+-------+-------+-------+-------++-------
Melee: Mace              |    34 |    62 |    55 |       ||   151
       Punch             |       |       |     1 |       ||     1
       Dire flail        |       |       |    37 |    12 ||    49
       Quarterstaff      |       |       |       |     2 ||     2
 Cast: Magic Dart        |   115 |   107 |   298 |    15 ||   535
       Mephitic Cloud    |     1 |     7 |    50 |     9 ||    67
       Conjure Flame     |       |     3 |    29 |     5 ||    37
       Blink             |       |     1 |     1 |     3 ||     5
       Call Imp          |       |       |     2 |       ||     2
 Stab: Confused          |     3 |     7 |    15 |       ||    25
Armor: Robe              |     8 |       |       |       ||     8
       Leather armour    |     8 |    39 |     9 |       ||    56
       Steam dragon scal |       |       |    26 |       ||    26
Dodge: Dodged            |    46 |    85 |    91 |    10 ||   232

Table legend: (Time is in decaauts)
 A = Elapsed time spent in this place.
 B = Non-inter-level travel time spent in this place.
 C = Inter-level travel time spent in this place.
 D = Time resting spent in this place.
 E = Time spent auto-exploring this place.
 F = Levels seen in this place.
 G = Mean time per level.
                   A        B        C        D        E       F      G
               +--------+--------+--------+--------+--------+-----+--------+
         Total |  13427 |  12999 |    428 |   1171 |   9747 |  11 | 1220.6 |
       Dungeon |  12805 |  12385 |    420 |   1146 |   9390 |   9 | 1422.8 |
        Temple |     27 |     19 |      8 |      0 |      0 |   1 |   27.0 |
        Bailey |    594 |    594 |      0 |     25 |    357 |   1 |  594.0 |
               +--------+--------+--------+--------+--------+-----+--------+

Top non-repeatable levels by time:
     D:4: 3728 daAuts
     D:8: 1696 daAuts
     D:1: 1666 daAuts
     D:7: 1497 daAuts
     D:3: 1485 daAuts
     D:5: 949 daAuts
     D:6: 777 daAuts
     D:2: 767 daAuts
  Bailey: 594 daAuts
     D:9: 236 daAuts
  Temple: 27 daAuts
